 Dungeon Crawl Stone Soup version 0.17-a0-2122-g03d97ec (webtiles) character file.

3468 brucemayne the Cleaver (level 9, -1/94 HPs)
             Began as a Demonspawn Berserker on Oct 21, 2015.
             Was a Believer of Trog.
             Slain by an unseen horror (6 damage)
             ... on level 11 of the Dungeon.
             The game lasted 00:09:59 (2112 turns).

brucemayne the Cleaver (Demonspawn Berserker)       Turns: 2112, Time: 00:09:59

Health: -1/94      AC: 12    Str: 25    XL:     9   Next: 79%
Magic:  9/9        EV: 10    Int:  9    God:    Trog [**....]
Gold:   120        SH:  0    Dex: 13    Spells: 0 memorised, 8 levels left

rFire  . . .     SeeInvis .     r - +0 war axe (venom)
rCold  + . .     Clarity  .     x - +1 ring mail {rN+}
rNeg   + . .     SustAt   .     (no shield)
rPois  .         Gourm    .     t - +0 helmet
rElec  .         Spirit   .     (no cloak)
rCorr  .         Warding  .     (no gloves)
rMut   .         Stasis   .     n - +0 pair of boots
MR     ++...                    (no amulet)
Stlth  ..........               (no ring)
                                (no ring)

@: berserking, regenerating, very quick, very resistant to hostile enchantments,
extremely unstealthy
A: hooves 1, icy blue scales 3, spiny 1
a: Berserk, Trog's Hand, Burn Spellbooks, Renounce Religion


You were on level 11 of the Dungeon.
You worshipped Trog.
Trog was pleased with you.
You were hungry.

You visited 1 branch of the dungeon, and saw 10 of its levels.

You collected 120 gold pieces.

Inventory:

Hand Weapons
 a - a +0 hand axe
 r - a +0 war axe of venom (weapon)
Missiles
 p - 8 tomahawks (quivered)
Armour
 b - a +0 animal skin
 j - a +0 leather armour
 k - a +0 ring mail
 n - a +0 pair of boots (worn)
 o - a +0 pair of gloves
 t - a +0 helmet (worn)
 x - a +1 ring mail of positive energy (worn)
Magical Staves
 l - an uncursed staff of earth {unknown}
Scrolls
 d - a scroll of recharging
 e - 2 scrolls of identify
 h - a scroll of remove curse {unknown}
 i - a scroll of teleportation
 m - a scroll of fear {unknown}
 q - a scroll of amnesia {unknown}
 s - a scroll of immolation {unknown}
Potions
 v - a potion of curing {unknown}
 w - a potion of berserk rage {unknown}
Books
 f - a book of the Dragon

   Spells                             Type                      Level
   a - Flame Tongue                   Conjuration/Fire             1
   b - Cause Fear                     Hexes                        4
   c - Bolt of Fire                   Conjuration/Fire             6
   d - Dragon Form                    Transmutation                7
   e - Dragon's Call                  Summoning                    9
   Trog disapproves of the use of such an item.
Comestibles
 c - 2 bread rations
 g - a meat ration
 u - a chunk of flesh


   Skills:
 - Level 3.0 Fighting
 + Level 12.7 Axes
 - Level 1.7 Armour
 - Level 1.7 Dodging


You had 8 spell levels left.
You didn't know any spells.

Dungeon Overview and Level Annotations

Branches:
Dungeon (11/15)               Orc (0/4) D:11
 Temple: D:4-7         Lair: D:8-11

Altars:
Elyvilon
Okawaru


Innate Abilities, Weirdness & Mutations

You have large cloven feet.
You are completely covered in icy blue scales (AC +4, EV -1, rC+).
You are partially covered in sharp spines.


Message History

* * * LOW HITPOINT WARNING * * *
You swing at nothing.
Something hits you.
* * * LOW HITPOINT WARNING * * *
Some of the chunks of flesh in your inventory have rotted away.
Use which ability?
Your skin crawls.
You feel resistant to hostile enchantments.
You are feeling hungry.
Something hits you!
* * * LOW HITPOINT WARNING * * *
Drink which item? (? for menu, Esc to quit)
Okay, then.
Use which ability?
A red film seems to cover your vision as you go berserk!
You feel yourself moving faster!
You feel mighty!
You feel somewhat more hungry. Something hits you!
* * * LOW HITPOINT WARNING * * *
You barely miss something. Something hits you but does no damage.
Something hits you.
You die...

#...........##
.............#.
.8....>....8..+
...............
#...........#
#.....8.....#
#.....# # #...#.#
.# #. #..##@##.#
#. #.(......#
+... #..##....#
#... #..##....+
#...#+##........#
#......#......).#
+......'........#
#.....)##..#....#
##+##.)))########


There were no monsters in sight!

Vanquished Creatures
  2 hill giants
  Joseph (D:9)
  Grinder (D:5)
  Prince Ribbit (D:6)
  A wyvern (D:9)
  A hippogriff (D:7)
  Duvessa (D:6)
  An orc warrior (D:11)
  4 ogres
  A centaur (D:5)
  A giant frog (D:11)
  Dowan (D:6)
  2 scorpions
  3 wights (D:11)
  A hound (D:7)
  2 crimson imps (D:5)
  3 giant frog skeletons
  An iguana (D:5)
  2 orc priests (D:7)
  A centaur zombie (D:6)
  A jelly (D:4)
  3 worker ants
  A hound skeleton (D:8)
  5 adders
  7 gnolls
  A shadow imp (D:6)
  A worm (D:6)
  A giant gecko (D:6)
  16 orcs
  4 bats
  A giant cockroach (D:1)
  A goblin (D:3)
  4 hobgoblins
  5 kobolds
  2 quokkas
  A quokka skeleton (D:4)
85 creatures vanquished.

Notes
Turn   | Place    | Note
--------------------------------------------------------------
     0 | D:1      | brucemayne the Demonspawn Berserker began the quest for the Orb.
     0 | D:1      | Reached XP level 1. HP: 18/18 MP: 1/1
    75 | D:2      | Gained mutation: You are partially covered in icy blue scales (AC +1). [demonic ancestry]
    75 | D:2      | Reached XP level 2. HP: 9/24 MP: 2/2
   282 | D:4      | Gained mutation: You are mostly covered in icy blue scales (AC +3, EV -1). [demonic ancestry]
   282 | D:4      | Reached XP level 3. HP: 29/29 MP: 3/3
   283 | D:4      | Reached skill level 4 in Axes
   322 | D:4      | Noticed a phantom
   430 | D:3      | Reached ** piety under Trog
   442 | D:3      | Found a white marble altar of Elyvilon.
   554 | D:4      | Reached XP level 4. HP: 35/35 MP: 4/4
   568 | D:4      | Reached skill level 5 in Axes
   635 | D:5      | Entered Level 5 of the Dungeon
   640 | D:5      | Noticed a centaur
   642 | D:5      | HP: 1/35 [centaur/arrow of flame (2)]
   656 | D:5      | Killed a centaur
   656 | D:5      | Gained mutation: You are partially covered in sharp spines. [demonic ancestry]
   656 | D:5      | Reached XP level 5. HP: 3/41 MP: 5/5
   710 | D:5      | Reached skill level 6 in Axes
   745 | D:5      | Reached XP level 6. HP: 41/47 MP: 6/6
   808 | D:5      | Noticed Grinder
   816 | D:5      | Killed Grinder
   816 | D:5      | Reached skill level 7 in Axes
   829 | D:5      | Gained mutation: You are completely covered in icy blue scales (AC +4, EV -1, rC+). [demonic ancestry]
   829 | D:5      | Reached XP level 7. HP: 35/52 MP: 7/7
  1094 | D:6      | Noticed Dowan
  1095 | D:6      | Noticed Duvessa
  1100 | D:6      | Killed Dowan
  1108 | D:6      | Killed Duvessa
  1108 | D:6      | Reached skill level 8 in Axes
  1136 | D:5      | Noticed an ogre
  1139 | D:5      | Killed an ogre
  1277 | D:7      | Reached skill level 9 in Axes
  1277 | D:7      | Reached XP level 8. HP: 30/58 MP: 8/8
  1426 | D:6      | Noticed a hill giant
  1432 | D:6      | Killed a hill giant
  1432 | D:6      | Reached skill level 10 in Axes
  1616 | D:8      | Found an iron altar of Okawaru.
  1684 | D:8      | Reached skill level 11 in Axes
  1684 | D:8      | Gained mutation: You have large cloven feet. [demonic ancestry]
  1684 | D:8      | Reached XP level 9. HP: 63/63 MP: 9/9
  1751 | D:6      | Noticed Prince Ribbit
  1762 | D:6      | Killed Prince Ribbit
  1875 | D:9      | Noticed Joseph
  1891 | D:9      | Killed Joseph
  1915 | D:9      | You fall through a shaft for 2 floors!
  1915 | D:11     | Noticed a hill giant
  1919 | D:11     | Reached skill level 12 in Axes
  1923 | D:11     | Killed a hill giant
  2066 | D:11     | Found a staircase to the Orcish Mines.
  2111 | D:11     | HP: 4/94 [something (10)]
  2112 | D:11     | Slain by an unseen horror

Vault maps used:
D:1:      saegor_arrival_under_anarchy
D:2:      tgw_kikubaaqudgha
D:3:      elyvilon_altar_4, ashenzari_altar_1, first_bread,
          hangedman_abyss_or_decor_stabs, st_stairs_13, grunt_ministairs_15
D:4:      overflow_temple_1_default
D:5:      uniq_grinder
D:6:      minmay_temple_entry_large_hall, uniq_prince_ribbit1, uniq_duvessa
D:7:      serial_bayou, serial_bayou_pond_b, serial_bayou_pond_d,
          serial_bayou_shore_a, serial_bayou_pond_d, grunt_ogre_cave
D:8:      okawaru_altar_gauntlet_db, minivault_10, uniq_maurice, uniq_grum
D:9:      amethyst_overflow_temple_binary, grunt_gozag_breadcrumbs,
          david_lair_shrubbed, fedhas_altar_2, uniq_joseph
D:11:     david_orc_2, hangedman_decor_clover_reticule

Action                   |  1- 3 |  4- 6 |  7- 9 || total
-------------------------+-------+-------+-------++-------
Melee: Hand axe          |    67 |    49 |    57 ||   173
       War axe           |       |       |   102 ||   102
Invok: Berserk           |     4 |     2 |     6 ||    12
       Trog's Hand       |       |     3 |     5 ||     8
  Use: Scroll            |       |       |     2 ||     2
  Eat: Chunk             |     2 |     3 |    11 ||    16
